Map: Galactic Process LE

Players

Minato - Winner!

  • Race: Zerg Zerg
  • League: Master

SortOf

  • Race: Zerg Zerg
  • League: Master

VOD

Have the link to the VOD?

Description

Time

  • Played on: Oct. 26, 2016, 5:38 a.m.
  • Length: 8:08
Show
View Real Time Build Order
Export as new Build Order

Minato Zerg - Winner!

Build Orders: Hatch First 

Get SALT Encoding   

  12  0:01  Drone  
  13  0:13  Overlord  
  13  0:17  Drone  
  14  0:31  Drone x2  
  14  0:35  Drone  
  17  0:45  Drone  
  18  0:55  Unknown, Hatchery  
  17  0:58  Drone  
  18  1:11  Extractor  
  17  1:12  Spawning Pool  
  17  1:16  Drone  
  17  1:19  Drone  
  18  1:29  Drone  
  19  1:40  Overlord  
  19  1:55  Drone  
  19  1:59  Queen  
  19  2:01  Zergling x2  
  23  2:06  Queen, Unknown  
  23  2:07  Drone  
  26  2:10  Metabolic Boost  
  26  2:13  Drone  
  27  2:18  Drone  
  27  2:22  Drone  
  29  2:28  Drone  
  30  2:33  Drone  
  31  2:40  Unknown, Hatchery  
  31  2:43  Drone  
  31  2:45  Drone  
  32  2:54  Evolution Chamber  
  32  2:55  Drone x2  
  33  3:01  Drone  
  33  3:04  Spine Crawler  
  33  3:06  Overlord  
  33  3:09  Drone  
  33  3:10  Drone  
  35  3:19  Evolution Chamber  
  34  3:20  Zerg Ground Armor Level 1  
  34  3:25  Drone x2  
  36  3:27  Drone  
  36  3:29  Drone  
  36  3:31  Zergling x2  
  36  3:33  Zergling x2  
  40  3:35  Zergling x2  
  41  3:45  Zerg Melee Weapons Level 1  
  41  3:46  Zergling x6  
  44  3:51  Overlord  
  44  3:52  Unknown, Overlord  
  44  3:56  Overlord  
  44  3:59  Overlord  
  41  4:11  Zergling x6  
  41  4:12  Zergling x2  
  41  4:14  Zergling x4  
  41  4:16  Zergling x6  
  41  4:17  Zergling x2  
  50  4:22  Zergling x4  
  50  4:23  Queen  
  53  4:26  Zergling x2  
  53  4:27  Zergling x2  
  53  4:28  Zergling x2  
  56  4:32  Zergling x4  
  57  4:38  Zergling x2  
  58  4:48  Zergling x6  
  58  4:52  Overlord  
  61  4:55  Zergling x4  
  61  4:56  Zergling x10  
  66  5:08  Zergling x8  
  69  5:14  Zergling x2  
  69  5:21  Zergling x4  
  71  5:25  Zergling x4  
  71  5:26  Zergling x8  
  76  5:31  Zergling x4  
  76  5:35  Zergling x2  
  73  5:44  Zergling x6  
  58  6:00  Zergling x4  
  58  6:01  Zergling x10  
  58  6:04  Zergling x4  
  62  6:06  Zergling x6  
  63  6:13  Zergling x2  
  58  6:25  Zergling x2  
  58  6:26  Zergling x4  
  58  6:31  Zergling x4  
  59  6:37  Zergling x4  
  59  6:38  Zergling x10  
  63  6:41  Zergling x4  
  63  6:44  Queen  
  58  6:55  Extractor, Roach Warren  
  58  6:57  Zergling x6  
  59  7:02  Drone  
  59  7:03  Drone  
  61  7:10  Zergling x20  
  71  7:18  Overlord x2  
  71  7:34  Zergling x8  
  75  7:37  Roach x3  
  75  7:38  Roach x3, Zergling x2  
  81  7:48  Roach x2, Zergling x6  
Show
View Real Time Build Order
Export as new Build Order

SortOf Zerg 

Build Orders: Hatch First, Zergling Baneling 

Get SALT Encoding   

  12  0:00  Drone  
  13  0:12  Overlord  
  13  0:17  Drone  
  14  0:31  Drone x2  
  16  0:40  Drone  
  17  0:53  Unknown, Hatchery  
  17  0:56  Drone  
  17  0:58  Drone  
  18  1:11  Extractor  
  18  1:13  Spawning Pool  
  18  1:16  Drone  
  17  1:19  Drone  
  18  1:28  Drone  
  19  1:38  Overlord  
  19  1:51  Drone  
  20  2:00  Queen, Drone  
  23  2:05  Queen, Unknown  
  23  2:06  Zergling x2  
  26  2:11  Metabolic Boost, Drone  
  27  2:19  Drone  
  27  2:22  Drone  
  29  2:28  Drone  
  30  2:34  Drone  
  31  2:39  Unknown, Hatchery  
  30  2:44  Drone x2  
  30  2:49  Baneling Nest  
  31  2:57  Overlord  
  30  3:00  Zergling x4  
  30  3:05  Drone  
  33  3:09  Overlord  
  33  3:11  Zergling x4  
  35  3:16  Zergling x2  
  35  3:18  Drone x2  
  38  3:22  Queen  
  40  3:27  Zergling x4  
  40  3:31  Zergling x2  
  40  3:32  Zergling x2  
  44  3:38  Zergling x2  
  44  3:40  Baneling x4  
  45  3:42  Drone  
  46  3:49  Drone x3  
  46  3:50  Unknown  
  46  3:52  Drone  
  46  3:53  Drone  
  51  4:01  Drone  
  50  4:17  Drone x5  
  50  4:18  Drone x3  
  50  4:21  Extractor  
  50  4:22  Roach Warren  
  53  4:25  Zergling x4  
  53  4:30  Drone  
  55  4:31  Extractor  
  55  4:33  Overlord  
  55  4:37  Zergling x6  
  53  4:42  Zergling x6  
  53  4:43  Baneling x2  
  56  4:53  Overlord x2  
  56  4:55  Baneling x2  
  56  5:05  Roach x5  
  56  5:06  Overlord x2  
  65  5:08  Overlord  
  65  5:13  Roach x3  
  71  5:19  Roach x3  
  79  5:21  Roach  
  79  5:32  Zergling x2  
  79  5:33  Zergling x6  
  82  5:35  Zergling x4  
  82  5:36  Zergling x2  
  82  5:37  Zergling x4  
  82  5:38  Baneling x3  
  82  5:39  Roach  
  82  5:41  Zergling x2  
  89  5:44  Ravager x2  
  89  5:46  Zergling x2  
  89  5:47  Zergling x2  
  89  5:49  Zergling x4  
  85  5:51  Zergling x2  
  85  5:52  Zergling x2  
  85  5:54  Zergling x2  
  70  5:57  Zergling x2  
  70  5:58  Zergling x4  
  70  6:03  Queen  
  72  6:07  Roach  
  71  6:12  Zergling x2  
  71  6:14  Baneling x4  
  68  6:19  Zergling x6  
  68  6:20  Zergling x2  
  68  6:22  Zergling x2  
  68  6:24  Zergling x2  
  63  6:33  Zergling x2  
  63  6:34  Zergling x2  
  64  6:42  Roach  
  64  6:43  Roach x2  
  67  6:51  Roach  
  67  6:53  Roach x2  
  68  6:55  Baneling x2  
  68  6:59  Roach  
  70  7:02  Baneling x2  
  70  7:03  Roach  
  70  7:05  Roach  
  74  7:10  Zergling x2  
  74  7:11  Zergling x6  
  74  7:15  Baneling x6  
  78  7:18  Zergling x6  
  78  7:22  Zergling x4  
  83  7:23  Zergling x2  
  84  7:30  Zergling x4  
  84  7:34  Zergling x2  
  80  7:43  Zergling x2  
  72  7:48  Zergling x6  
  72  7:49  Roach x2, Zergling x4  
  72  7:50  Zergling x2  
  65  8:04  Ravager  
  65  8:05  Ravager  
Tags
 
Add a new tag
Caveats
  • Supply blocks, unpowered buildings, or Contaminate may cause inaccurate times.
  • Supply counts are checked every 10 seconds.